 Dungeon Crawl Stone Soup version 0.29-a0-1008-g949cc1d0fb (webtiles) character file.

Game seed: 16452325837826069026

2 eldinasi the Cutter (level 1, 0/18 HPs)
             Began as a Human Monk on Aug 7, 2022.
             Slain by a kobold
             ... wielding a +0 short sword
              (2 damage)
             ... on level 1 of the Dungeon.
             The game lasted 00:03:11 (44 turns).

eldinasi the Cutter (Human Monk)                      Turns: 44, Time: 00:03:12

Health: 0/18       AC:  2    Str: 11    XL:     1   Next: 33%
Magic:  1/1        EV: 13    Int: 10    God:
Gold:   0          SH:  0    Dex: 15    Spells: 0/0 levels left

rFire   . . .      SeeInvis .   d - +0 dagger
rCold   . . .      Faith    .   (no shield)
rNeg    . . .      Spirit   .   b - +0 robe
rPois   .          Reflect  .   (no helmet)
rElec   .          Harm     .   (no cloak)
rCorr   .          Rampage  .   (no gloves)
Will    .....                   (no boots)
Stlth   ++........              (no amulet)
HPRegen 0.06/turn               (no ring)
MPRegen 0.07/turn               (no ring)

@: no status effects
A: no striking features
a: no special abilities


You were on level 1 of the Dungeon.
You visited 1 branch of the dungeon, and saw 1 of its levels.

Inventory:

Hand Weapons
 a - a +0 short sword
 d - a +0 dagger (weapon)
Armour
 b - a +0 robe (worn)
Potions
 c - a potion of ambrosia


   Skills:
 + Level 3.0 Fighting
 + Level 3.1 Short Blades
 + Level 3.0 Dodging
 + Level 2.0 Stealth


You couldn't memorise any spells.
You didn't know any spells.
Your spell library was empty.

Dungeon Overview and Level Annotations

Branches:
Dungeon (1/15)

Altars:


Message History

You closely miss the kobold. The goblin misses you.
The kobold barely misses you.
You barely miss the kobold. The goblin closely misses you.
The kobold completely misses you.
You hit the kobold.
The kobold is moderately wounded.
The goblin hits you but does no damage. The kobold misses you.
You hit the goblin but do no damage. You punch the goblin.
You kill the goblin!
The kobold closely misses you. The goblin hits you with a +0 club.
Found 3 boomerangs.
The kobold hits you with a +0 short sword.
The goblin closely misses you.
Things that are here:
a +0 dagger; a goblin corpse Sorry, you're not good enough to have a special ability.
d - a +0 dagger (weapon)
You hit the goblin.
The goblin is heavily wounded.
The kobold closely misses you. The goblin hits you but does no damage.
You barely miss the goblin.
The goblin is heavily wounded.
The kobold hits you with a +0 short sword.
The goblin closely misses you.
You hit the goblin.
You kill the goblin!
The kobold hits you with a +0 short sword.
* * * LOW HITPOINT WARNING * * *
Found 11 gold pieces and a dark potion.
The kobold misses you.
You see here a +0 club.
The kobold hits you with a +0 short sword.
* * * LOW HITPOINT WARNING * * *
The kobold attacks as you move away! The kobold misses you.
The kobold attacks as you move away!
The kobold hits you with a +0 short sword.
* * * LOW HITPOINT WARNING * * *
Found a stone staircase leading down.
The kobold attacks as you move away!
The kobold hits you with a +0 short sword.
You die...

#........(....#####
#..................
#..!?........$.....
#..................
...................
..................
...$..........#
....$..@K.)†..#
..............#
###.....$##..##
........#(....#
>.....[..#''#....#
........##..##...#
.......###''###..#
......##......##..#
. #§≈≈≈≈.# #.#


You could see a kobold.

Vanquished Creatures
  2 goblins (D:1)
2 creatures vanquished.

Notes
Turn   | Place    | Note
-------+----------+-------------------------------------------
     0 | D:1      | eldinasi the Human Monk began the quest for the Orb.
     0 | D:1      | Reached XP level 1. HP: 18/18 MP: 1/1
    44 | D:1      | Slain by a kobold

Illustrated notes

Levels and vault maps discovered:
D:1:      lightli_arrival_lavapool, layout_rooms, serial_shops, shop_fountains

Action                   || total
-------------------------++-------
Melee: Short sword       ||     8
       Dagger            ||     3
       Punch             ||     1
Armor: Robe              ||     3
Dodge: Dodged            ||    13

Table legend: (Time is in decaauts)
 A = Elapsed time spent in this place.
 B = Non-inter-level travel time spent in this place.
 C = Inter-level travel time spent in this place.
 D = Time resting spent in this place.
 E = Time spent auto-exploring this place.
 F = Levels seen in this place.
 G = Mean time per level.
                   A        B        C        D        E       F      G
               +--------+--------+--------+--------+--------+-----+--------+
         Total |     42 |     42 |      0 |      0 |      0 |   1 |   42.0 |
       Dungeon |     42 |     42 |      0 |      0 |      0 |   1 |   42.0 |
               +--------+--------+--------+--------+--------+-----+--------+

Top non-repeatable levels by time:
     D:1: 42 daAuts
